 Dungeon Crawl Stone Soup version 0.25-a0-737-g26c3a87c45 (webtiles) character file.

Game seed: 10936748790640335355, levelgen mode: classic

37 Amnesiac the Chiller (level 3, -2/26 HPs)
             Began as a Ghoul Ice Elementalist on Apr 11, 2020.
             Killed from afar by an orc wizard (9 damage)
             ... with a magic dart
             ... on level 3 of the Dungeon.
             The game lasted 00:01:49 (521 turns).

Amnesiac the Chiller (Ghoul Ice Elementalist)        Turns: 521, Time: 00:01:49

Health: -2/26      AC:  2    Str: 11    XL:     3   Next: 41%
Magic:  0/5        EV: 12    Int: 11    God:
Gold:   52         SH:  0    Dex:  9    Spells: 2/6 levels left

rFire    . . .     SeeInvis .   (no weapon)
rCold    + . .     Gourm    .   (no shield)
rNeg     + + +     Faith    .   a - +0 robe
rPois    ∞         Spirit   .   (no helmet)
rElec    .         Reflect  .   (no cloak)
rCorr    .         Harm     .   (no gloves)
MR       .....                  (no boots)
Stlth    ++........             h - amulet of the acrobat
HPRegen  0.00/turn              (no ring)
MPRegen  0.09/turn              (no ring)

@: very slightly contaminated, rotting
A: rotting body, claws 1, carnivore, cold resistance 1, negative energy
resistance 3, inhibited regeneration, torment resistance, unbreathing
a: no special abilities


You were on level 3 of the Dungeon.
You were not hungry.

You visited 1 branch of the dungeon, and saw 3 of its levels.

You collected 52 gold pieces.

Inventory:

Missiles
 g - 15 poisoned darts (quivered)
Armour
 a - a +0 robe (worn)
 f - a +0 cloak
 l - a +0 kite shield
Jewellery
 h - an amulet of the acrobat (around neck)
Wands
 i - a wand of polymorph (12)
Scrolls
 e - a scroll of identify {!r, unknown}
Potions
 b - a potion of flight {!q, unknown}
Comestibles
 c - a ration


   Skills:
 - Level 1.7 Dodging
 - Level 2.1 Stealth
 + Level 2.3 Spellcasting
 * Level 5.2 Ice Magic


You had 2 spell levels left.
You knew the following spells:

 Your Spells              Type           Power        Failure   Level  Hunger
a - Freeze                Ice            ##..         3%          1    ##.....
b - Frozen Ramparts       Ice            ##....       10%         3    ####...

Your spell library contained the following spells:

 Spells                   Type           Power        Failure   Level  Hunger
 Ozocubu's Armour         Chrm/Ice       #.......     28%         3    ####...
 Hailstorm                Conj/Ice       #.......     67%         4    #####..
 Summon Ice Beast         Ice/Summ       #.......     67%         4    #####..


Dungeon Overview and Level Annotations

Branches:
Dungeon (3/15)

Altars:

Annotations:
D:3 2 runed translucent doors, Lugonue's ghost, amateur TeVM


Innate Abilities, Weirdness & Mutations

Your body is rotting away.
You thrive on raw meat.
You are immune to poison.
You have sharp fingernails.
You are carnivorous and can eat meat at any time.
Your flesh is cold resistant. (rC+)
You are immune to negative energy. (rN+++)
You do not regenerate when monsters are visible.
You are immune to unholy pain and torment.
You can survive without breathing.


Message History

The orc is almost dead.
The orc hits you with a +0 trident.
Casting: Freeze (safe; 3% risk of failure)
Confirm with . or Enter, or press ? or * to list all spells.
Aiming: Freeze (safe; 3% risk of failure)
Press: ? - help, Shift-Dir - straight line, f/p - orc
Aim: an orc, wielding a +0 trident and wearing a +0 leather armour (almost dead)
You freeze the orc.
You kill the orc!
An orc wizard comes into view. It is wielding a +1 dagger of speed.
Casting: Freeze (safe; 3% risk of failure)
Confirm with . or Enter, or press ? or * to list all spells.
You don't have enough magic to cast that spell.
Casting: Freeze (safe; 3% risk of failure)
Confirm with . or Enter, or press ? or * to list all spells.
You don't have enough magic to cast that spell.
The orc wizard mumbles some strange words.
The orc wizard flickers and vanishes!
Deactivating autopickup; reactivate with Ctrl-A.
Eat one of 5 chunks of flesh? (ye/n/q)
You eat one of the 5 chunks of flesh.
This raw flesh tastes great!
The orc hits you with a +0 mace.
* * * LOW HITPOINT WARNING * * *
Eat one of 4 chunks of flesh? (ye/n/q)
You eat one of the 4 chunks of flesh.
This raw flesh tastes great!
The orc closely misses you.
Something tries to affect you, but you resist.
A magic dart appears from out of thin air!
The magic dart hits you!
* * * LOW HITPOINT WARNING * * *
A puff of flame appears from out of thin air!
The puff of flame hits you!
* * * LOW HITPOINT WARNING * * *
Eat one of 3 chunks of flesh? (ye/n/q)
You eat one of the 3 chunks of flesh.
This raw flesh tastes great!
You hear the slow rusting of a very distant drain.
Eating one of 2 chunks of flesh.
You eat one of the 2 chunks of flesh.
This raw flesh tastes great!
Eating a chunk of flesh.
You eat the chunk of flesh.
This raw flesh tastes great!
Okay, then.
You hear some strange, mumbled words.
Something tries to affect you, but you resist.
Casting: Freeze (safe; 3% risk of failure)
Confirm with . or Enter, or press ? or * to list all spells.
You miscast Frozen Ramparts.
You are very lightly contaminated with residual magic.
Really read
k - a scroll labeled NUTEKHL PABYONTAR {!r}?
As you read the scroll labeled NUTEKHL PABYONTAR {!r}, it crumbles to dust.
You feel blessed for a moment.
It was a scroll of remove curse {!r}.
You hear some strange, mumbled words.
A puff of flame appears from out of thin air!
The puff of flame hits you!
* * * LOW HITPOINT WARNING * * *
Really read
j - a scroll labeled EFUSUCZ VICLEN {!r}? [Y]es or [N]o only, please.
Really read
j - a scroll labeled EFUSUCZ VICLEN {!r}?
As you read the scroll labeled EFUSUCZ VICLEN {!r}, it crumbles to dust.
You feel aware of your surroundings.
You sensed 1 shop/portal.
It was a scroll of magic mapping {!r}.
You hear some strange, mumbled words.
A magic dart appears from out of thin air!
The magic dart hits you!
You die...

......# ****####)##.#
.....## *,,,........#
...### *,**#######.#
...# *,* #o# ...# *,*
#o# .### *,##** #.#
.# *,,..** #.#
.#******#.###.#####.#
..,,,,,,........@.oo#
,,,,,,,,..###.#######
,*********,..** ,*
*##** ,* **


You could see 2 orcs.

Vanquished Creatures
  An adder (D:2)
  6 orcs (D:3)
  4 goblins (D:1)
  3 hobgoblins
  3 jackals (D:1)
  A quokka (D:2)
  A rat (D:1)
19 creatures vanquished.

Notes
Turn   | Place    | Note
-------+----------+-------------------------------------------
     0 | D:1      | Amnesiac the Ghoul Ice Elementalist began the quest for the
                  | Orb.
     0 | D:1      | Reached XP level 1. HP: 14/14 MP: 2/2
    73 | D:1      | Reached XP level 2. HP: 13/20 MP: 0/3
   310 | D:2      | Reached skill level 5 in Ice Magic
   388 | D:2      | Reached XP level 3. HP: 26/26 MP: 1/5
   393 | D:2      | Learned a level 3 spell: Frozen Ramparts
   411 | D:3      | Found a runed translucent door.
   417 | D:3      | Noticed Lugonue's ghost (amateur TeVM)
   443 | D:3      | Found a runed translucent door.
   521 | D:3      | Killed from afar by an orc wizard

Levels and vault maps discovered:
D:1:      scummos_arrival_checkerplants, layout_loops_ring
D:2:      layout_basic, lemuel_doored_altar,
          chequers_ecumenical_altar_simple_redux, minivault_14, uniq_sigmund
D:3:      layout_loops_ring, portal_sewer_entry_a, ebering_ghost_sewer_f,
          minmay_misc_feat_square

Skill      XL: |  1  2 |
---------------+-------+-----
Spellcasting   | 2 |  2.3
Ice Magic      | 5 |  5.2
Dodging        | |  1.7
Stealth        | |  2.1

Action                   || total
-------------------------++-------
Melee: Unarmed           ||    15
 Cast: Freeze            ||    23
       Frozen Ramparts   ||     1
  Use: Scroll            ||     2
  Eat: Chunk             ||     9
Armor: Robe              ||     2
Dodge: Dodged            ||    19

Table legend:
 A = Non-vault XP
 B = Vault XP
 C = Vault XP percentage of total XP
 D = Non-vault monster count
 E = Vault monster count
 F = Vault count percentage of total count
                 A         B        C        D         E       F
            +---------+---------+-------+---------+---------+-------
      Total |      54 |       0 |   0.0 |      19 |       0 |   0.0
            +---------+---------+-------+---------+---------+-------
        D:1 |      19 |       0 |   0.0 |      10 |       0 |   0.0
        D:2 |      15 |       0 |   0.0 |       2 |       0 |   0.0
        D:3 |      20 |       0 |   0.0 |       7 |       0 |   0.0
            +---------+---------+-------+---------+---------+-------
